[Event "*** Titled Tuesday Blitz"]
[Site "Chess.com"]
[Date "2020.12.29"]
[Round "11"]
[White "andriipalchuk"]
[Black "goldenpuppy"]
[Result "1-0"]
[WhiteElo "2497"]
[BlackElo "2382"]
[TimeControl "180+1"]
[EndTime "12:08:22 PST"]
[Termination "andriipalchuk won by resignation"]

1. e4 c6 2. d4 d5 3. exd5 cxd5 4. Bd3 Nc6 5. c3 Nf6 6. h3 e6 7. Nf3 Bd6 8. O-O O-O 9. Qe2 Rb8 10. Nbd2 a6 11.
Ne5 Qc7 12. f4 b5 13. g4 b4 14. g5 Ne8 15. Ndf3 g6 16. Nh2 bxc3 17. bxc3 f6 18. gxf6 Nxf6 19. Nhg4 Nxg4 20. Qxg4 Bxe5 21. fxe5 Rxf1+ 22.
Bxf1 Bd7 23. Bd3 Ne7 24. Bd2 Rf8 25. a4 Nf5 26. h4 Kh8 27. Rc1 Bxa4 28. Bg5 Bb5 29. Bb1 h5 30. Qg2 Qc4 31. Bf6+ Kh7 32. Bxf5 exf5 33. Kh2 Re8 34. Rg1 Qe2 35. Qxe2 Bxe2 36.
Rb1 Bb5 37. Kg3 Kg8 38. Kf4 Kf7 39. Re1 Rc8 40. Kg5 Ke6 41. Rc1 Rg8 42. Kf4 a5 43.
Rb1 Rb8 44. Kg5 a4 45. Ra1 Rc8 46. Ra3 Be8 47. Kf4 Rb8 48. Ke3 Rb2 49. Bg5 Bb5 50. Kf3 Rh2 51. Ke3 Rh3+ 52. Kd2 Rd3+ 53. Kc2 Rg3 54. Ra1 Rg2+ 55. Kc1 f4 56. Bxf4 Rg4 57. Bg5 Rg3 58. Kb2 Rg2+ 59. Ka3 Rc2 60. Kb4 Rb2+ 61. Kc5 Rb3 62. Bd2 a3 63. Kb6 Bc4+ 64. Kc5 Rb2 65. Bc1 Rb3 66. Rxa3 Rxa3 67. Bxa3 Ba2 68. Kc6 Bc4 69.
Bc1 Ba2 70. Bg5 Bc4 71. Kc7 Bb3 72. Kd8 Bc4 73. Ke8 Bd3 74. Kf8 Be4 75. Bd2 Bd3 76. Kg7 Be4 77. Kh6 Bd3 78. Kg5 Be4 79. Be1 Bd3 80.
Kf4 Be4 81. Ke3 Bc2 82. Kd2 Bb3 83. Bg3 Bc4 84. Bf4 Bb3 85. Bg5 Bc4 86. Kc2 Ba2 87.
Kb2 Bc4 88. Ka3 Bd3 89. Kb4 Bc4 90. Kc5 Bd3 91. Kc6 Bc4 92. Kc7 Bd3 93. Kd8 Bc4 94. Ke8 Bd3 95. Kf8 Bc4 96. Kg7 Bd3 97. Bf6 Bc4 98.
Kxg6 Bd3+ 99. Kxh5 Kf5 100. Kh6 Bb5 101. Kg7 Be8 102.
Kf8 Bh5 103. Ke7 Bg4 104. Kd6 Ke4 105. e6 Bh5 106. Kd7 Kf5 107. Bg5 1-0

[Event "*** Titled Tuesday Blitz"]
[Site "Chess.com"]
[Date "2020.12.29"]
[Round "11"]
[White "Eternauta2400"]
[Black "tjychess"]
[Result "1/2-1/2"]
[WhiteElo "2530"]
[BlackElo "2740"]
[TimeControl "180+1"]
[EndTime "12:08:31 PST"]
[Termination "Game drawn - insufficient material"]

1. e4 e5 2. Nf3 Nc6 3. Nc3 Nf6 4.
d4 exd4 5. Nxd4 Bb4 6. Nxc6 bxc6 7. Bd3 O-O 8. O-O d5 9. exd5 cxd5 10. Bg5 c6 11. Na4 h6 12. Bh4 Be7 13. Re1 Be6 14. c3 a5 15. Bc2 Re8 16. Qd4 Nd7 17. Bxe7 Qxe7 18. Re3 Qf6 19. Rae1 Qxd4 20. cxd4 Rab8 21. f4 Nf6 22. f5 Bd7 23. Rxe8+ Bxe8 24. b3 Rb4 25.
Rd1 Bd7 26. a3 Rb8 27. Nc5 Re8 28. Kf1 Bc8 29. Re1 Rxe1+ 30. Kxe1 Ng4 31. b4 axb4 32. a4 Ne3 33. Bd3 Bxf5 34. Kd2 Nc4+ 35. Bxc4 dxc4 36.
a5 c3+ 37. Kc1 Bc8 38. a6 b3 39. a7 b2+ 40. Kc2 Bf5+ 41. Kxc3 b1=Q 42. a8=Q+ Kh7 43. Qxc6 Qc2+ 44. Kb4 Qd2+ 45. Kc4 Qc2+ 46. Kb4 Qd2+ 47. Kc4 Bb1 48. Qa4 Ba2+ 49. Kb5 Bd5 50. Qa7 Qb2+ 51.
Ka5 Qxd4 52. Qc7 Qc3+ 53. Kb6 Qb4+ 54. Ka6 Qc4+ 55. Ka7 Bxg2 56. Qe5 Qd5 57. Qe3 Qa8+ 58. Kb6 Qc6+ 59. Ka7 Bd5 60. Qd3+ g6 61. Qd4 Qc7+ 62. Ka6 Qc6+ 63. Ka7 h5 64. h4 Qa8+ 65. Kb6 Qd8+ 66. Kb5 Bc6+ 67. Kc4 Bb5+ 68. Kc3 Qxd4+ 69. Kxd4 Kg7 70.
Ke5 Bc6 71. Kf4 Bd5 72. Nd3 f6 73. Nc5 Kf7 74. Nd3 Bc4 75. Nf2 Bb3 76. Ne4 Bc2 77.
Nd6+ Ke6 78. Nc4 Bd3 79. Ne3 Bb1 80. Nd1 Bc2 81. Ne3 Bb3 82. Nf1 Kd5 83. Nd2 Bc2 84. Nf3 Be4 85. Nd2 Bf5 86. Nf3 Kc4 87. Nd2+ Kd3 88. Nf3 Bg4 89. Ne1+ Kd2 90. Ng2 Ke2 91. Kg3 Kd3 92. Nf4+ Ke4 93. Nxg6 Bf5 94. Nf4 Bg4 95.
Ng2 Kd3 96. Nf4+ Ke4 97. Ng6 Kf5 98. Nf4 Bd1 99. Ng2 Bg4 100. Ne3+ Kg6 101. Nxg4 hxg4 102. Kxg4 f5+ 103. Kf4 Kh5 104. Kxf5 Kxh4 1/2-1/2

[Event "*** Titled Tuesday Blitz"]
[Site "Chess.com"]
[Date "2020.12.29"]
[Round "11"]
[White "Zhigalko_Sergei"]
[Black "Jospem"]
[Result "1/2-1/2"]
[WhiteElo "2865"]
[BlackElo "2986"]
[TimeControl "180+1"]
[EndTime "12:09:25 PST"]
[Termination "Game drawn by repetition"]

1. e4 e5 2. Nf3 Nc6 3. Bc4 Bc5 4. b4 Bxb4 5. c3 Be7 6. d4 Na5 7. Bd3 d6 8. dxe5 dxe5 9. Nxe5 Nf6 10. O-O O-O 11.
Qc2 c5 12. Re1 Be6 13. h3 a6 14. c4 b5 15. Bb2 Rb8 16. Nd2 Nd7 17. Rad1 Nxe5 18.
Bxe5 Rb7 19. Bc3 Rd7 20. cxb5 c4 21. Bxa5 cxd3 22. Qc3 Qb8 23. bxa6 Rc8 24. Qa1 Rc2 25. Bc3 Rxa2 26. Qb1 Qa7 27. Re3 Qxa6 28. Nf3 Qc8 29.
Rexd3 Rxd3 30. Rxd3 Qa8 31. Rd1 h6 32. Bd4 Ra4 33. Qd3 Bc4 34. Qc3 f6 35. Rc1 Be6 36.
Qe3 Ra3 37. Qd2 Qxe4 38. Bc5 Rd3 39. Qe1 Qxe1+ 40. Nxe1 Rd7 41. Bxe7 Rxe7 42. Nf3 Bf7 43. Nd4 Rd7 44. Nf5 Be6 45. Ne3 g5 46. Rd1 Re7 47. Rc1 Kf7 48. Rc6 f5 49. Rc1 f4 50.
Ng4 h5 51. Ne5+ Kf6 52. Nf3 g4 53. hxg4 hxg4 54. Nd4 Bd5 55. Rd1 Re5 56. Rc1 Re4 57. Nb5 Rb4 58. Nc3 Bb7 59. Ne2 Ke5 60. Nc3 f3 61.
Re1+ Kf5 62. g3 Rc4 63. Nd1 Rd4 64. Ne3+ Kg5 65. Rb1 Be4 66. Re1 Bd3 67. Nd1 Be2 68. Ne3 Rb4 69. Ra1 Kf6 70. Nc2 Rc4 71. Ne3 Rd4 72. Nc2 Re4 73. Ne3 Kg5 74. Ra5+ Kg6 75. Rc5 Rb4 76. Rc6+ Kf7 77. Rc1 Ke6 78. Re1 Kd7 79. Rc1 Rd4 80. Nf5 Rb4 81. Re1 Ra4 82. Rc1 Ke6 83. Ne3 Rb4 84. Re1 Kf6 85. Nc2 Ra4 86.
Ne3 Kg5 87. Rc1 Rb4 88. Re1 Kg6 89. Nd5 Ra4 90. Nf4+ Kf5 91. Nxe2 fxe2 92. Rxe2 Ra1+ 93. Kg2 Ra5 94. Rc2 Kg5 95. Rc8 Rb5 96. Rg8+ Kf5 97. Rh8 Kg5 98. Rh7 Ra5 99. Rg7+ Kh5 100. Rh7+ Kg5 101. Rh8 Rb5 102. Rh4 Ra5 103. Rh7 Rb5 104. Rd7 Ra5 105. Rd4 Rb5 106. Ra4 Rc5 107. Rb4 Ra5 108. Rb2 Rc5 109. Kf1 Re5 110. Re2 Rc5 111. Rd2 Re5 112. Rd3 Rb5 113. Ke2 Re5+ 114. Kd2 Ra5 115. Rd4 Re5 116. Kd3 Rf5 117. Ke3 Rf3+ 118. Ke2 Ra3 119. Rd5+ Kf6 120. Rc5 Ra4 121. Ke3 Ra2 122. Rb5 Kg6 123. Rd5 Kf6 124. Rc5 Kg6 125. Rd5 Kf6 126. Rd2 Ra4 127. Rd5 Ra2 1/2-1/2